 Dungeon Crawl Stone Soup version 0.28-a0-595-g9f6c0e134a (webtiles) character file.

Game seed: 16613865105661089752

2931 meatgazer the Schismatic (level 9, 0/74 HPs)
             Began as a Demonspawn Abyssal Knight on Oct 4, 2021.
             Was an Elder of Lugonu.
             Slain by a freezing wraith (11 damage)
             ... on level 7 of the Dungeon.
             The game lasted 00:17:45 (11577 turns).

meatgazer the Schismatic (DsAK)                    Turns: 11577, Time: 00:17:46

Health: 0/74       AC:  9    Str: 21    XL:     9   Next: 50%
Magic:  16/16      EV: 13    Int: 11    God:    Lugonu [****..]
Gold:   252        SH: 16    Dex: 16    Spells: 8/8 levels left

rFire   . . .      SeeInvis .   a - +2 falchion
rCold   + . .      Faith    .   j - +2 buckler
rNeg    . . .      Spirit   .   h - +2 leather armour {rPois}
rPois   +          Reflect  +   (no helmet)
rElec   .          Harm     .   (no cloak)
rCorr   .          Rampage  .   (no gloves)
Will    .....                   (no boots)
Stlth   +.........              p - amulet of reflection
HPRegen 0.22/turn               o - ring of protection from cold
MPRegen 0.15/turn               b - +6 ring of strength

@: about to teleport, slowed, very slow
A: talons 2, repulsion field 1, icemail 1, condensation shield, demonic magic 1,
wild magic 1
a: Renounce Religion, Depart the Abyss, Bend Space, Banish, Corrupt


You were on level 7 of the Dungeon.
You worshipped Lugonu.
Lugonu was greatly pleased with you.
You visited 1 branch of the dungeon, and saw 7 of its levels.
You visited the Abyss 1 time.
You also visited: Sewer.

You collected 552 gold pieces.
You spent 300 gold pieces at shops.

Inventory:

Hand Weapons
 a - a +2 falchion (weapon)
Armour
 h - a +2 leather armour of poison resistance (worn)
 j - a +2 buckler (worn)
Jewellery
 b - a +6 ring of strength (right hand)
 e - a ring of see invisible
 o - a ring of protection from cold (left hand)
 p - an amulet of reflection (around neck)
 t - a ring of positive energy
Wands
 f - a wand of flame (17)
Scrolls
 d - a scroll of amnesia
 g - 3 scrolls of fear
 i - a scroll of silence
 k - 2 scrolls of magic mapping
 m - 2 scrolls of identify
 q - a scroll of teleportation
 r - a scroll of vulnerability
Potions
 c - 2 potions of curing
 l - 4 potions of flight
 n - 2 potions of brilliance
 s - a potion of mutation
 u - a potion of attraction {unknown}


   Skills:
 + Level 7.8 Fighting
 + Level 6.7 Long Blades
 - Level 2.0 Armour
 - Level 1.0 Dodging
 - Level 4.1 Shields
 + Level 9.5 Invocations


You had 8 spell levels left.
You didn't know any spells.
Your spell library contained the following spells:

 Spells                   Type           Power      Damage    Failure   Level
 Portal Projectile        Hex/Tloc       0%         N/A       83%         3
 Blade Hands              Tmut           0%         N/A       100%        5
 Excruciating Wounds      Necr           0%         N/A       100%        5


Dungeon Overview and Level Annotations

Branches:
Dungeon (7/15)             Temple (0/1) D:6           Sewer (visited)

Altars:
Ashenzari
Ru
Sif Muna

Shops:
D:4 =   D:5 *   D:7 *


Innate Abilities, Weirdness & Mutations

You have razor-sharp toenails.
You are surrounded by a mild repulsion field. (EV +2)
A meltable icy envelope protects you from harm. (AC +4)
A meltable shield of frost defends you. (SH +4)
Spells you cast may paralyse adjacent enemies.
Your spells are a little harder to cast, but a little more powerful.


Message History

You hit the freezing wraith but do no damage.
You claw the freezing wraith!
The freezing wraith is heavily damaged.
The freezing wraith hits you but does no damage.
The freezing wraith hits you! The freezing wraith drains your vigour!
You feel as though you will be slow longer.
You hit the freezing wraith but do no damage.
You claw the freezing wraith.
The freezing wraith is heavily damaged.
The freezing wraith hits you but does no damage.
You block the freezing wraith's attack. x2
The freezing wraith hits you but does no damage.
You hit the freezing wraith. Your kick misses the freezing wraith.
The freezing wraith is heavily damaged.
The freezing wraith hits you! The freezing wraith freezes you. You resist.
You block the freezing wraith's attack.
You barely miss the freezing wraith. Your kick misses the freezing wraith.
The freezing wraith is heavily damaged.
You block the freezing wraith's attack. The freezing wraith misses you.
The freezing wraith hits you!
* * * LOW HITPOINT WARNING * * *
The freezing wraith freezes you! You resist.
* * * LOW HITPOINT WARNING * * *
You block the freezing wraith's attack.
Okay, then.
You can't see any enemies this would affect, really read the scroll of fear?
Okay, then.
The freezing wraith hits you but does no damage.
The freezing wraith closely misses you.
Things that are here:
a +0 shortbow; 6 arrows
As you read the scroll of teleportation, it crumbles to dust.
You feel strangely unstable.
An ufetubus comes into view.
You block the freezing wraith's attack.
The freezing wraith completely misses you.
The ufetubus moves out of view.
The freezing wraith hits you but does no damage.
The freezing wraith hits you!
You die...

#.#...≈...# ..≈# #≈...#
###.#.≈≈.#8.# #.. #.≈≈.#
#.(.#≈...#..# $$≈ #...≈######
#..##...≈##..# .. ..##≈...#.....
#...##.≈.)##..#.##).##..≈.##....)
.....##....##......##5...##......
##.##.###..≈##...###≈..###.......
#......###...####..)###.........
####.....####.cW@..### #.........
#........########### #.........
...........## #.........
.......#.#..### ##.........
.......#.##.).# #..........
##.###...####)### ##.#########
##.####..####...######..#
#..###..##.........#..##
##..##..##.......(.#.##


You could see a freezing wraith, a centaur and an ufetubus (wandering).

Vanquished Creatures
  Sigmund (D:3)
  A steam dragon (D:5)
  2 water moccasins (D:7)
  2 sky beasts
  2 ice beasts (D:7)
  An orc warrior (D:7)
  A hornet zombie (D:7)
  3 ogres
  2 centaurs (D:7)
  3 bullfrogs
  2 scorpions
  A wyvern zombie (D:6)
  A water moccasin skeleton (D:6)
  4 hounds
  A gnoll shaman (D:6)
  3 jellies
  2 centaur skeletons
  A bullfrog skeleton (D:5)
  4 iguanas
  Natasha (thrice) (D:3)
  An orc wizard (D:7)
  A howler monkey zombie (D:7)
  10 adders
  5 gnolls (D:6)
  2 shadow imps
  A white imp (D:7)
  3 ufetubi
  7 worms
  3 dart slugs
  11 orcs
  10 ball pythons
  11 endoplasms
  7 giant cockroaches
  2 goblins
  9 hobgoblins
  16 jackals
  4 kobolds
  2 quokkas
  11 bats
  6 frilled lizards
  5 rats
167 creatures vanquished.

Vanquished Creatures (collateral kills)
  A wraith (D:6)
  2 orc wizards (D:6)
  2 orcs (D:6)
5 creatures vanquished.

Vanquished Creatures (others)
  30 plants (D:1)
30 creatures vanquished.

Grand Total: 202 creatures vanquished

Notes
Turn   | Place    | Note
-------+----------+-------------------------------------------
     0 | Abyss:1  | meatgazer the Demonspawn Abyssal Knight began the quest for
                  | the Orb.
     0 | Abyss:1  | Reached XP level 1. HP: 18/18 MP: 2/2
    57 | Abyss:2  | Noticed a thrashing horror
    62 | D:1      | Escaped the Abyss
    88 | D:1      | Reached * piety under Lugonu
   204 | D:1      | Gained mutation: You have sharp toenails. [demonic
                  | ancestry]
   204 | D:1      | Reached XP level 2. HP: 23/24 MP: 3/3
   228 | D:1      | Reached skill level 1 in Dodging
  1067 | D:1      | Reached skill level 3 in Invocations
  1070 | D:1      | Reached XP level 3. HP: 29/29 MP: 5/5
  1956 | D:2      | Reached ** piety under Lugonu
  2088 | D:2      | Found a faded altar of an unknown god.
  2451 | D:2      | Gained mutation: A meltable shield of frost defends you.
                  | (SH +4) [demonic ancestry]
  2451 | D:2      | Reached XP level 4. HP: 37/37 MP: 6/6
  3072 | D:3      | Found a broken altar of Ashenzari.
  3101 | D:3      | Noticed Sigmund
  3115 | D:3      | Killed Sigmund
  3116 | D:3      | Reached skill level 4 in Invocations
  3116 | D:3      | Gained mutation: You have razor-sharp toenails. [demonic
                  | ancestry]
  3116 | D:3      | Reached XP level 5. HP: 30/43 MP: 6/8
  3310 | D:3      | Reached skill level 5 in Invocations
  3310 | D:3      | Gained mutation: Spells you cast may paralyse adjacent
                  | enemies. [demonic ancestry]
  3310 | D:3      | Reached XP level 6. HP: 5/49 MP: 9/9
  3723 | D:3      | Found a glowing drain.
  3727 | Sewer    | Entered a sewer
  4474 | Sewer    | Reached *** piety under Lugonu
  5098 | D:3      | Noticed Natasha
  5107 | D:3      | Killed Natasha
  5202 | D:3      | Noticed Natasha
  5210 | D:3      | Killed Natasha
  5211 | D:3      | Reached skill level 5 in Fighting
  5573 | D:4      | Reached skill level 1 in Shields
  5780 | D:4      | Found Zideosas's Jewellery Shop.
  5945 | D:4      | Gained mutation: You are surrounded by a mild repulsion
                  | field. (EV +2) [demonic ancestry]
  5945 | D:4      | Reached XP level 7. HP: 12/56 MP: 11/11
  6247 | D:4      | Gained mutation: Your spells are a little harder to cast,
                  | but a little more powerful. [potion of mutation]
  6566 | D:5      | Entered Level 5 of the Dungeon
  6740 | D:5      | Noticed a steam dragon
  6753 | D:5      | Killed a steam dragon
  6754 | D:5      | Reached skill level 6 in Invocations
  7222 | D:5      | Found Ixemn's Gadget Gallery.
  7325 | D:5      | Reached XP level 8. HP: 64/64 MP: 12/12
  7958 | D:3      | Noticed Natasha
  7962 | D:3      | Killed Natasha
  8532 | D:4      | Bought an amulet of reflection for 300 gold pieces
  8680 | D:6      | Found a sacrificial altar of Ru.
  8707 | D:6      | Reached skill level 7 in Invocations
  8727 | D:6      | Reached skill level 5 in Long Blades
  8728 | D:6      | Reached **** piety under Lugonu
  9133 | D:6      | Found a shimmering blue altar of Sif Muna.
  9342 | D:6      | Found a staircase to the Ecumenical Temple.
 10062 | D:6      | Reached skill level 8 in Invocations
 10288 | D:7      | Found Suaqorage's Mayhem Merchandise.
 10584 | D:7      | Gained mutation: A meltable icy envelope protects you from
                  | harm. (AC +4) [demonic ancestry]
 10584 | D:7      | Reached XP level 9. HP: 63/72 MP: 15/15
 10791 | D:7      | Noticed a freezing wraith
 10811 | D:7      | Reached skill level 9 in Invocations
 11577 | D:7      | Slain by a freezing wraith

Illustrated notes

Levels and vault maps discovered:
D:1:      eino_arrival_tree_alley, layout_basic, chequers_serial_rivers_micro_e,
          serial_park_tiny_1
D:2:      minmay_chambers_of_ones, layout_basic,
          dreamdust_ecumenical_altar_statues
D:3:      layout_basic, amcnicky_altar_gilded, gup_sewer_entry_spiral,
          minmay_checkerbox, uniq_natasha, uniq_sigmund
D:4:      layout_cave_pods, serial_shops,
          nicolae_shop_competitors_out_of_business, chequers_garden,
          chequers_arboretum
D:5:      layout_basic, nicolae_shop_gadgets
D:6:      layout_basic, nicolae_ru_awakened_eye, lemuel_round_altar,
          minmay_temple_entry_antechambers
D:7:      layout_rooms, minmay_shop_mayhem, nzn_random_ring

Skill      XL: |  1  2  3  4  5  6  7  8  9 |
---------------+----------------------------+-----
Armour         | 2 |  2.0
Dodging        | 1 |  1.0
Long Blades    | 2 3 4 5 6 |  6.7
Invocations    | 3 4 5 6 8 9 |  9.5
Fighting       | 4 5 7 |  7.8
Shields        | 1 3 4 |  4.1

Action                   |  1- 3 |  4- 6 |  7- 9 || total
-------------------------+-------+-------+-------++-------
Melee: Falchion          |   128 |   210 |   304 ||   642
       Kick              |    24 |    47 |   109 ||   180
Invok: Depart the Abyss  |     1 |       |       ||     1
Evoke: Wand              |       |       |     5 ||     5
  Use: Scroll            |     3 |     6 |     9 ||    18
       Potion            |     2 |     7 |     1 ||    10
Armor: Leather armour    |    61 |    84 |    67 ||   212
Dodge: Dodged            |   101 |   144 |   139 ||   384
Block: Other             |       |    47 |    18 ||    65
       Buckler           |       |       |   167 ||   167
       Reflection        |       |       |     4 ||     4

Table legend: (Time is in decaauts)
 A = Elapsed time spent in this place.
 B = Non-inter-level travel time spent in this place.
 C = Inter-level travel time spent in this place.
 D = Time resting spent in this place.
 E = Time spent auto-exploring this place.
 F = Levels seen in this place.
 G = Mean time per level.
                   A        B        C        D        E       F      G
               +--------+--------+--------+--------+--------+-----+--------+
         Total |  11863 |  10854 |   1009 |   3228 |   5916 |  10 | 1186.3 |
       Dungeon |  10346 |   9337 |   1009 |   2536 |   5446 |   7 | 1478.0 |
         Abyss |     61 |     61 |      0 |      0 |     21 |   2 |   30.5 |
         Sewer |   1455 |   1455 |      0 |    692 |    448 |   1 | 1455.0 |
               +--------+--------+--------+--------+--------+-----+--------+

Top non-repeatable levels by time:
     D:6: 1739 daAuts
     D:2: 1680 daAuts
     D:4: 1676 daAuts
   Sewer: 1455 daAuts
     D:1: 1359 daAuts
     D:7: 1313 daAuts
     D:3: 1308 daAuts
     D:5: 1268 daAuts
 Abyss:2: 31 daAuts
 Abyss:1: 30 daAuts
